 Dungeon Crawl Stone Soup version 0.21.0-24-g2553a33 (webtiles) character file.

1505 tidbits the Charmwright (level 8, -5/64 HPs)
             Began as a Gnoll Skald on Jan 21, 2018.
             Was a Follower of Cheibriados.
             Slain by a sun demon (11 damage)
             ... summoned by an orc high priest
             ... in a bailey.
             The game lasted 00:20:40 (2033 turns).

tidbits the Charmwright (Gnoll Skald)               Turns: 2033, Time: 00:20:41

Health: -5/64      AC: 14    Str: 16 (17) XL:     8   Next: 82%
Magic:  1/17       EV: 14    Int: 18 (21) God:    Cheibriados [*.....]
Gold:   73         SH:  0    Dex: 15 (17) Spells: 2/19 levels left

rFire    . . .     SeeInvis .   b - +6 flail (crush)
rCold    . . .     Gourm    .   (no shield)
rNeg     . . .     Faith    .   B - +0 ring mail
rPois    .         Spirit   .   E - +2 hat
rElec    .         Reflect  .   C - +2 cloak
rCorr    .         Harm     .   G - +0 pair of gloves
MR       +....     Clarity  +   F - +0 pair of boots
Stlth    ++........             (no amulet)
HPRegen  0.20/turn              U - +3 ring of protection
MPRegen  0.15/turn              (no ring)

@: very slow
A: distributed training, fangs 1, clarity, deformed body, magic resistance 1,
subdued magic 1, strong nose
a: Bend Time, Renounce Religion


You were in a bailey.
You worshipped Cheibriados.
Cheibriados was aware of your devotion.
You were not hungry.

You visited 2 branches of the dungeon, and saw 9 of its levels.
You also visited: Bailey.

You collected 128 gold pieces.
You spent 55 gold pieces at shops.

Inventory:

Hand Weapons
 b - a +6 flail of crushing (weapon)
   (You took it off Edmund on level 4 of the Dungeon)
 i - a +0 dagger
 k - a +0 short sword
 o - a +1 dagger of protection
   (You took it off a goblin on level 1 of the Dungeon)
 v - a +0 hand axe
Missiles
 e - 36 arrows
 h - 31 stones (quivered)
 y - 8 tomahawks
 A - 7 javelins
Armour
 x - a +0 leather armour
 B - a +0 ring mail (worn)
 C - a +2 cloak (worn)
 D - the +1 leather armour of the Armoured One {*Corrode rElec rC++ SInv}
   (You took it off a goblin on level 6 of the Dungeon)

   It greatly protects you from cold.
   It insulates you from electricity.
   It lets you see invisible.
   It may corrode you when you take damage.
 E - a +2 hat (worn)
 F - a +0 pair of boots (worn)
 G - a +0 pair of gloves (worn)
 M - a scarf of resistance
   (You found it on level 8 of the Dungeon)
Jewellery
 U - a +3 ring of protection (left hand)
   (You found it on level 4 of the Dungeon)
Wands
 d - a wand of digging (14)
 H - a wand of acid (2)
Scrolls
 f - a scroll of remove curse
 g - a scroll of fog
 p - a scroll of enchant weapon {unknown}
 s - a scroll of amnesia {unknown}
 t - 2 scrolls of enchant armour
 w - a scroll of teleportation
 I - a scroll of fear
 J - a scroll of noise {unknown}
 N - a scroll of summoning {unknown}
Potions
 a - a potion of berserk rage
 j - 2 potions of mutation {!q}
 m - a potion of haste {unknown}
 n - a potion of brilliance
 q - a potion of heal wounds {unknown}
 r - a potion of resistance
 u - a potion of lignification
 z - 2 potions of curing
Books
 c - a book of Battle

   Spells                             Type                      Level
   a - Infusion                       Charms                       1
   b - Shroud of Golubria             Charms/Translocation         2
   c - Song of Slaying                Charms                       2
   d - Spectral Weapon                Hexes/Charms                 3
   e - Regeneration                   Charms/Necromancy            3
 K - a book of Minor Magic
   (You found it on level 8 of the Dungeon)

   Spells                             Type                      Level
   a - Magic Dart                     Conjuration                  1
   b - Blink                          Translocation                2
   c - Call Imp                       Summoning                    2
   d - Slow                           Hexes                        2
   e - Conjure Flame                  Conjuration/Fire             3
   f - Mephitic Cloud                 Conjuration/Poison/Air       3
Comestibles
 L - 3 rations


   Skills:
 + Level 5.8 Fighting
 + Level 3.5 Short Blades
 + Level 3.5 Long Blades
 + Level 5.8 Axes
 + Level 3.5 Maces & Flails
 + Level 3.5 Polearms
 + Level 3.5 Staves
 + Level 3.5 Slings
 + Level 3.5 Bows
 + Level 3.5 Crossbows
 + Level 3.5 Throwing
 + Level 4.4 Armour
 + Level 5.8 Dodging
 + Level 3.5 Stealth
 + Level 3.5 Shields
 + Level 3.5 Unarmed Combat
 + Level 6.2 Spellcasting
 + Level 2.9 Conjurations
 + Level 2.9 Hexes
 + Level 6.2 Charms
 + Level 2.9 Summonings
 + Level 2.9 Necromancy
 + Level 2.9 Translocations
 + Level 2.9 Transmutations
 + Level 2.9 Fire Magic
 + Level 2.9 Ice Magic
 + Level 2.9 Air Magic
 + Level 2.9 Earth Magic
 + Level 2.9 Poison Magic
 + Level 3.9 Invocations
 + Level 3.5 Evocations


You had 2 spell levels left.
You knew the following spells:

 Your Spells              Type           Power        Failure   Level  Hunger
c - Conjure Flame         Conj/Fire      ##......     16%         3    ##.....
g - Shroud of Golubria    Chrm/Tloc      ###.......   3%          2    None
i - Infusion              Chrm           ###.         1%          1    None
m - Mephitic Cloud        Conj/Pois/Air  ##......     16%         3    ##.....
r - Regeneration          Chrm/Necr      ###.......   8%          3    ##.....
w - Spectral Weapon       Hex/Chrm       ###.....     8%          3    ##.....
y - Song of Slaying       Chrm           ###.....     1%          2    None


Dungeon Overview and Level Annotations

Branches:
Dungeon (8/15)             Temple (1/1) D:4            Lair (0/6) D:8

Altars:
Ashenzari
Cheibriados
Dithmenos
Elyvilon
Gozag
Kikubaaqudgha
Makhleb
Nemelex Xobeh
Okawaru
Ru
Sif Muna
Trog
Uskayaw
Vehumet
Wu Jian
The Shining One

Shops:
D:5 ?}   D:6 *   D:8 %


Innate Abilities, Weirdness & Mutations

Your experience applies equally to all skills.
You have very sharp teeth.
Your uncanny sense of smell can sniff out nearby items.
You possess an exceptional clarity of mind.
Armour fits poorly on your strangely shaped body.
You are resistant to hostile enchantments. (MR+)
Your spells are a little easier to cast, but a little less powerful.


Message History

Aiming: Dig
Press: ? - help, Shift-Dir - straight line, f - goblin
Aim: a goblin, wielding a hand axe and wearing a leather armour The rock shatters into small pieces.
The ice devil completely misses you.
Unknown command.
Evoke which item? (* to show all) (? for menu, Esc to quit)
Aiming: Corrosive Bolt
Press: ? - help, Shift-Dir - straight line, f - orc high priest, p - goblin
Aim: an orc high priest, wielding a war axe and wearing a ring mail The bolt of acid hits the ice devil.
The ice devil is splashed with acid.
The acid corrodes the ice devil!
The ice devil is moderately wounded.
The bolt of acid hits the orc high priest.
The orc high priest is splashed with acid.
The acid corrodes the orc high priest!
The orc high priest is lightly wounded.
The ice devil misses you.
The orc high priest suddenly jeers.
The goblin hits your spectral weapon with a hand axe.
Your spectral weapon shares its damage with you!
A gnoll comes into view. It is wielding a hand axe.
Evoke which item? (* to show all) (? for menu, Esc to quit)
You don't have enough magic at the moment.
Okay, then.
Okay, then.
Okay, then.
Unknown command.
It was a potion of degeneration.
There was something very wrong with that liquid.
You feel weakened.
You feel dopey.
You feel clumsy.
The orc high priest barely misses your spectral weapon.
The ice devil barely misses you.
As you read the scroll of teleportation, it crumbles to dust.
You feel strangely unstable. The ice devil hits you! The ice devil freezes you!
* * * LOW HITPOINT WARNING * * *
Something completely misses your spectral weapon.
The orc high priest hits your spectral weapon with a war axe.
Your spectral weapon shares its damage with you!
* * * LOW HITPOINT WARNING * * *
It was a potion of curing.
You feel better. The goblin hits you with a hand axe.
* * * LOW HITPOINT WARNING * * *
The ice devil hits you but does no damage.
Something hits your spectral weapon.
Your spectral weapon shares its damage with you!
* * * LOW HITPOINT WARNING * * *
The orc high priest says, "All sinners must die."
The orc high priest mumbles some strange prayers to Beogh.
Your surroundings seem slightly different.
The goblin closely misses your spectral weapon.
As you read the scroll of teleportation, it crumbles to dust.
You feel strangely unstable.
The orc high priest prays to Beogh.
Your surroundings suddenly seem different.
Really quaff
j - 3 potions of mutation {!q}?
You feel extremely strange.
You feel less resistant to hostile enchantments.
Your magical essence is no longer linked to your wands.
You feel slightly disoriented.
You feel resistant to hostile enchantments.
Your connection to magic feels subdued.
Your body twists and deforms.
Your thoughts seem clearer.
You swap places.
Unknown command.
Evoke which item? (* to show all) (? for menu, Esc to quit)
Aiming: Corrosive Bolt
Press: ? - help, Shift-Dir - straight line, f - orc high priest
Aim: an orc high priest, wielding a war axe and wearing a ring mail The bolt of acid misses the orc high priest.
Evoke which item? (* to show all) (? for menu, Esc to quit)
Aiming: Corrosive Bolt
Press: ? - help, Shift-Dir - straight line, f/p - orc high priest
Aim: an orc high priest, wielding a war axe and wearing a ring mail The bolt of acid misses the orc high priest.
Evoke which item? (* to show all) (? for menu, Esc to quit)
Aiming: Corrosive Bolt
Press: ? - help, Shift-Dir - straight line, f/p - orc high priest
Aim: an orc high priest, wielding a war axe and wearing a ring mail The bolt of acid hits the orc high priest.
The orc high priest is splashed with acid.
The acid corrodes the orc high priest!
The orc high priest is moderately wounded.
You hear a shout!
The orc high priest starts to sing a prayer.
You closely miss the orc high priest.
The orc high priest is moderately wounded.
Your spectral weapon hits the orc high priest!!
The orc high priest hits you but does no damage.
The orc high priest hits your spectral weapon with a war axe!
Your spectral weapon shares its damage with you!
Your spectral weapon fades away.
* * * LOW HITPOINT WARNING * * *
Unknown command.
Casting: Spectral Weapon
Confirm with . or Enter, or press ? or * to list all spells.
You draw out your weapon's spirit!
The sun demon hits you!
* * * LOW HITPOINT WARNING * * *
You are engulfed in flames!
You die...

, #≈≈≈≈≈# * ###≈≈≈≈≈# * , ,
#.≈≈≈≈≈≈# , #.≈≈≈≈≈.######
####++#.≈≈≈≈≈......# ,,
#.....#.≈≈≈≈≈......### ,,
#.....[..............# ,#oo
#..⌠..[3.........∩..∩# #4.,
*#.....4o@............#
.#...
*#....4#.≈≈≈≈≈......###
.#.g. #####'§#(≈≈≈≈≈......#
[#....#..4o(.#.≈≈≈≈≈.######
∆#....#g3.4..#.≈≈≈≈≈≈#
#....og4######≈≈≈≈≈#
+.8...84# , ,#≈≈≈≈≈#
#.......# #≈≈≈≈≈# #+#######
#≈≈≈≈≈#


You could see an orc high priest, a sun demon, an ice devil, a rust devil and a
friendly spectral flail of crushing.

Vanquished Creatures
  A hippogriff (D:8)
  Menkaure (D:7)
  Edmund (D:4)
  2 orc warriors
  3 slaves (D:7)
  2 black bears
  A centaur (D:7)
  A big kobold (D:7)
  An electric eel (Bailey)
  A howler monkey (D:5)
  2 crimson imps
  A hound (D:4)
  An orc priest (D:5)
  A bullfrog skeleton (D:6)
  A jelly (D:8)
  A centaur skeleton (D:8)
  An iguana (D:8)
  2 orc wizards (D:6)
  2 worker ants
  A howler monkey skeleton (D:2)
  6 adders
  A shadow imp (D:5)
  An ooze (D:4)
  2 worms (D:2)
  4 leopard geckos
  6 orcs
  4 giant cockroaches
  11 goblins
  7 hobgoblins
  9 jackals
  14 kobolds
  2 quokkas
  5 bats
  5 frilled lizards
  A giant cockroach zombie (D:5)
  3 rats
108 creatures vanquished.

Vanquished Creatures (others)
  2 spectral weapons
2 creatures vanquished.

Grand Total: 110 creatures vanquished

Notes
Turn   | Place    | Note
-------+----------+-------------------------------------------
     0 | D:1      | tidbits the Gnoll Skald began the quest for the Orb.
     0 | D:1      | Reached XP level 1. HP: 20/20 MP: 6/6
   144 | D:1      | Reached XP level 2. HP: 19/26 MP: 1/7
   236 | D:1      | Learned a level 2 spell: Song of Slaying
   239 | D:1      | Learned a level 2 spell: Shroud of Golubria
   355 | D:2      | Reached XP level 3. HP: 30/31 MP: 2/9
   358 | D:2      | Reached skill level 5 in Spellcasting
   403 | D:2      | Reached skill level 1 in Invocations
   414 | D:2      | Learned a level 3 spell: Regeneration
   418 | D:2      | Learned a level 3 spell: Spectral Weapon
   485 | D:2      | Reached skill level 1 in Short Blades
   485 | D:2      | Reached skill level 1 in Long Blades
   485 | D:2      | Reached skill level 1 in Maces & Flails
   485 | D:2      | Reached skill level 1 in Polearms
   485 | D:2      | Reached skill level 1 in Staves
   485 | D:2      | Reached skill level 1 in Slings
   485 | D:2      | Reached skill level 1 in Bows
   485 | D:2      | Reached skill level 1 in Crossbows
   485 | D:2      | Reached skill level 1 in Throwing
   485 | D:2      | Reached skill level 1 in Stealth
   485 | D:2      | Reached skill level 1 in Shields
   485 | D:2      | Reached skill level 1 in Unarmed Combat
   485 | D:2      | Reached skill level 1 in Evocations
   491 | D:2      | Gained mutation: You expend magic power (3 MP) to strengthen your wands. [potion of mutation]
   491 | D:2      | Gained mutation: You passively map a small area around you. [potion of mutation]
   491 | D:2      | Gained mutation: You are resistant to hostile enchantments. (MR+) [potion of mutation]
   530 | D:2      | Reached XP level 4. HP: 34/38 MP: 1/11
   687 | D:1      | Reached skill level 1 in Conjurations
   687 | D:1      | Reached skill level 1 in Hexes
   687 | D:1      | Reached skill level 1 in Summonings
   687 | D:1      | Reached skill level 1 in Necromancy
   687 | D:1      | Reached skill level 1 in Translocations
   687 | D:1      | Reached skill level 1 in Transmutations
   687 | D:1      | Reached skill level 1 in Fire Magic
   687 | D:1      | Reached skill level 1 in Ice Magic
   687 | D:1      | Reached skill level 1 in Air Magic
   687 | D:1      | Reached skill level 1 in Earth Magic
   687 | D:1      | Reached skill level 1 in Poison Magic
  1055 | D:4      | Found a staircase to the Ecumenical Temple.
  1062 | Temple   | Entered the Ecumenical Temple
  1123 | Temple   | Became a worshipper of Cheibriados the Contemplative
  1186 | D:5      | Entered Level 5 of the Dungeon
  1196 | D:5      | Reached XP level 5. HP: 40/43 MP: 7/12
  1197 | D:5      | Found Yxeumuf's Magic Scroll Shop.
  1201 | D:5      | Found Imatucog's Gadget Shop.
  1218 | D:5      | Bought a scroll of identify for 22 gold pieces
  1239 | D:5      | Reached skill level 3 in Armour
  1273 | D:5      | Reached skill level 2 in Invocations
  1273 | D:5      | Reached XP level 6. HP: 29/50 MP: 4/13
  1392 | D:4      | Noticed Edmund
  1422 | D:4      | Killed Edmund
  1422 | D:4      | Reached skill level 5 in Fighting
  1422 | D:4      | Reached skill level 2 in Short Blades
  1422 | D:4      | Reached skill level 2 in Long Blades
  1422 | D:4      | Reached skill level 5 in Axes
  1422 | D:4      | Reached skill level 2 in Maces & Flails
  1422 | D:4      | Reached skill level 2 in Polearms
  1422 | D:4      | Reached skill level 2 in Staves
  1422 | D:4      | Reached skill level 2 in Slings
  1422 | D:4      | Reached skill level 2 in Bows
  1422 | D:4      | Reached skill level 2 in Crossbows
  1422 | D:4      | Reached skill level 2 in Throwing
  1422 | D:4      | Reached skill level 5 in Dodging
  1422 | D:4      | Reached skill level 2 in Stealth
  1422 | D:4      | Reached skill level 2 in Shields
  1422 | D:4      | Reached skill level 2 in Unarmed Combat
  1422 | D:4      | Reached skill level 2 in Evocations
  1532 | D:5      | Bought a scroll of teleportation for 33 gold pieces
  1555 | D:6      | Found Kink's Assorted Antiques.
  1579 | D:5      | Noticed a black bear
  1583 | D:5      | Killed a black bear
  1583 | D:5      | Reached XP level 7. HP: 49/56 MP: 11/15
  1618 | D:6      | Reached skill level 2 in Conjurations
  1618 | D:6      | Reached skill level 2 in Hexes
  1618 | D:6      | Reached skill level 2 in Summonings
  1618 | D:6      | Reached skill level 2 in Necromancy
  1618 | D:6      | Reached skill level 2 in Translocations
  1618 | D:6      | Reached skill level 2 in Transmutations
  1618 | D:6      | Reached skill level 2 in Fire Magic
  1618 | D:6      | Reached skill level 2 in Ice Magic
  1618 | D:6      | Reached skill level 2 in Air Magic
  1618 | D:6      | Reached skill level 2 in Earth Magic
  1618 | D:6      | Reached skill level 2 in Poison Magic
  1653 | D:6      | Found a bloodstained altar of Trog.
  1690 | D:6      | Got a bloodstained leather armour
  1701 | D:6      | Identified the cursed +1 leather armour of the Armoured One {*Corrode rElec rC++ SInv} (You took it off a goblin on level 6 of the Dungeon)
  1779 | D:8      | Found Ycvucvif's Food Shoppe.
  1781 | D:8      | Found a flagged portal.
  1796 | D:8      | Reached * piety under Cheibriados
  1802 | D:8      | Reached skill level 3 in Invocations
  1820 | D:7      | Noticed Menkaure
  1823 | D:7      | Killed Menkaure
  1823 | D:7      | Reached skill level 6 in Charms
  1823 | D:7      | Reached XP level 8. HP: 63/63 MP: 12/16
  1825 | D:7      | Reached skill level 3 in Short Blades
  1825 | D:7      | Reached skill level 3 in Long Blades
  1825 | D:7      | Reached skill level 3 in Maces & Flails
  1825 | D:7      | Reached skill level 3 in Polearms
  1825 | D:7      | Reached skill level 3 in Staves
  1825 | D:7      | Reached skill level 3 in Slings
  1825 | D:7      | Reached skill level 3 in Bows
  1825 | D:7      | Reached skill level 3 in Crossbows
  1825 | D:7      | Reached skill level 3 in Throwing
  1825 | D:7      | Reached skill level 4 in Armour
  1825 | D:7      | Reached skill level 3 in Stealth
  1825 | D:7      | Reached skill level 3 in Shields
  1825 | D:7      | Reached skill level 3 in Unarmed Combat
  1825 | D:7      | Reached skill level 3 in Evocations
  1857 | D:7      | Reached skill level 6 in Spellcasting
  1881 | D:8      | Found a staircase to the Lair.
  1896 | D:8      | Learned a level 3 spell: Conjure Flame
  1900 | D:8      | Learned a level 3 spell: Mephitic Cloud
  1958 | D:8      | Noticed a hippogriff
  1962 | D:8      | Killed a hippogriff
  1967 | Bailey   | Entered a bailey
  2010 | Bailey   | Found an iron altar of Okawaru.
  2010 | Bailey   | Noticed an orc high priest
  2010 | Bailey   | Noticed an orc high priest
  2011 | Bailey   | Noticed an ice devil
  2023 | Bailey   | Noticed a sun demon
  2023 | Bailey   | Noticed an ice devil
  2026 | Bailey   | Noticed a rust devil
  2026 | Bailey   | Noticed an orange demon
  2027 | Bailey   | Lost mutation: You are resistant to hostile enchantments. (MR+) [potion of mutation]
  2027 | Bailey   | Lost mutation: You expend magic power (3 MP) to strengthen your wands. [potion of mutation]
  2027 | Bailey   | Lost mutation: You passively map a small area around you. [potion of mutation]
  2027 | Bailey   | Gained mutation: You are resistant to hostile enchantments. (MR+) [potion of mutation]
  2027 | Bailey   | Gained mutation: Your spells are a little easier to cast, but a little less powerful. [potion of mutation]
  2027 | Bailey   | Gained mutation: Armour fits poorly on your strangely shaped body. [potion of mutation]
  2027 | Bailey   | Gained mutation: You possess an exceptional clarity of mind. [potion of mutation]
  2033 | Bailey   | HP: 6/64 [sun demon[an orc high priest] (16)]
  2033 | Bailey   | Slain by a sun demon

Skill      XL: |  1  2  3  4  5  6  7  8 |
---------------+-------------------------+-----
Spellcasting   | 5 6 |  6.2
Invocations    | 1 2 3 |  3.9
Short Blades   | 1 2 3 |  3.5
Long Blades    | 1 2 3 |  3.5
Maces & Flails | 1 2 3 |  3.5
Polearms       | 1 2 3 |  3.5
Staves         | 1 2 3 |  3.5
Slings         | 1 2 3 |  3.5
Bows           | 1 2 3 |  3.5
Crossbows      | 1 2 3 |  3.5
Throwing       | 1 2 3 |  3.5
Stealth        | 1 2 3 |  3.5
Shields        | 1 2 3 |  3.5
Unarmed Combat | 1 2 3 |  3.5
Evocations     | 1 2 3 |  3.5
Conjurations   | 1 2 |  2.9
Hexes          | 1 2 |  2.9
Summonings     | 1 2 |  2.9
Necromancy     | 1 2 |  2.9
Translocations | 1 2 |  2.9
Transmutations | 1 2 |  2.9
Fire Magic     | 1 2 |  2.9
Ice Magic      | 1 2 |  2.9
Air Magic      | 1 2 |  2.9
Earth Magic    | 1 2 |  2.9
Poison Magic   | 1 2 |  2.9
Armour         | 3 4 |  4.4
Fighting       | 5 |  5.8
Axes           | 5 |  5.8
Dodging        | 5 |  5.8
Charms         | 6 |  6.2

Action                   |  1- 3 |  4- 6 |  7- 9 || total
-------------------------+-------+-------+-------++-------
Melee: Hand axe          |    83 |    74 |       ||   157
       Bite              |     5 |    14 |     5 ||    24
       Dagger            |     7 |    62 |       ||    69
       Flail             |       |     6 |    69 ||    75
       Punch             |       |       |     2 ||     2
 Cast: Infusion          |    10 |     1 |       ||    11
       Shroud of Golubri |     1 |     3 |     2 ||     6
       Regeneration      |     1 |     1 |     3 ||     5
       Spectral Weapon   |       |    17 |    13 ||    30
Invok: Bend Time         |       |     1 |       ||     1
Evoke: Wand              |       |       |     5 ||     5
  Use: Potion            |     3 |       |     3 ||     6
       Scroll            |       |     5 |     6 ||    11
 Stab: Sleeping          |       |     2 |       ||     2
  Eat: Ration            |     1 |     1 |       ||     2
Armor: Leather armour    |    29 |    40 |       ||    69
       Ring mail         |       |    10 |    32 ||    42
Dodge: Dodged            |    68 |   106 |    62 ||   236

Table legend:
 A = Turns spent in this place as a percentage of turns spent in the entire game.
 B = Non-inter-level travel turns spent in this place as a percentage of non-inter-level travel turns spent in the entire game.
 C = Inter-level travel turns spent in this place as a percentage of turns spent in this place.
 D = Turns resting spent in this place as a percentage of non-inter-level travel turns spent in this place.
 E = Turns spent auto-exploring this place as a percentage of non-inter-level travel turns spent in this place.
 F = Non-inter-level travel turns spent in this place divided by the number of levels of this place that you've seen.
                   A       B       C       D       E      F
               +-------+-------+-------+-------+-------+----------------------
         Total | 100.0 | 100.0 |   6.8 |   0.0 |   0.0 | 189.5
       Dungeon |  92.8 |  92.9 |   6.7 |   0.0 |   0.0 | 220.0
        Temple |   3.9 |   3.6 |  13.8 |   0.0 |   0.0 |  69.0
        Bailey |   3.2 |   3.5 |   0.0 |   0.0 |   0.0 |  66.0
               +-------+-------+-------+-------+-------+----------------------

Table legend:
 A = Kills in this place as a percentage of kills in entire the game.
 B = Kills by you in this place as a percentage of kills by you in the entire game.
 C = Kills by friends in this place as a percentage of kills by friends in the entire game.
 D = Other kills in this place as a percentage of other kills in the entire game.
 E = Experience gained in this place as a percentage of experience gained in the entire game.
 F = Experience gained in this place divided by the number of levels of this place that you have seen.
                   A       B       C       D       E      F
               +-------+-------+-------+-------+-------+----------------------
         Total | 100.0 | 100.0 |   N/A |   N/A | 100.0 | 215.1
       Dungeon |  94.3 |  94.3 |   N/A |   N/A |  91.3 | 245.5
        Bailey |   5.7 |   5.7 |   N/A |   N/A |   8.7 | 187.0
               +-------+-------+-------+-------+-------+----------------------

Vault maps used:
D:1:      minmay_arrival_wavy_path
D:2:      lemuel_crystal_altar, grunt_ministairs_1, minmay_misc_feat_pillars
D:3:      xom_redecorated, first_ration, serial_forest,
          infiniplex_forest_zigzag_1, infiniplex_forest_clump_tiny,
          infiniplex_forest_end_1, infiniplex_forest_clump_long,
          infiniplex_forest_clump_C, infiniplex_forest_end_1,
          infiniplex_forest_end_3, infiniplex_forest_lined_2,
          infiniplex_forest_straight_3, kennysheep_generic_room_8
D:4:      yredelemnul_altar_generic, temple_green, uniq_edmund, uniq_sigmund
D:5:      fedhas_altar_fruit_tree, serial_shops, nicolae_shop_waterfront, shop,
          shop, kennysheep_little_box, shop
D:6:      minitemple, serial_shops, kennysheep_mini_moat, shop
D:7:      uniq_pikel, uniq_menkaure
D:8:      cheibrodos_quashed, dpeg_oklobed_lair, enter_bailey_2, serial_shops,
          nicolae_shop_temple_entry_statues_fountains
Temple:   eino_temple_scatter_basement
Bailey:   bailey_axe_of_yendor_kennysheep, bailey
